 Dungeon Crawl Stone Soup version 0.30-a0-718-geaa24f58ff (webtiles) character file.

Game seed: 17265289726093515114

24 Alitron123 the Vexing (level 3, 0/20 HPs)
             Began as a Kobold Hexslinger on Jan 25, 2023.
             Slain by a ball python (1 damage)
             ... on level 1 of the Dungeon.
             The game lasted 00:00:52 (355 turns).

Alitron123 the Vexing (Kobold Hexslinger)            Turns: 355, Time: 00:00:53

Health: 0/20       AC:  2    Str:  7    XL:     3   Next: 15%
Magic:  4/4        EV: 12    Int: 14    God:
Gold:   11         SH:  0    Dex: 17    Spells: 3/4 levels left

rFire   . . .      SeeInvis .    a - +1 sling
rCold   . . .      Faith    .    (no shield)
rNeg    . . .      Spirit   .    c - +0 robe
rPois   .          Reflect  .    (no helmet)
rElec   .          Harm     .    (no cloak)
rCorr   .          Rampage  .    (no gloves)
Will    .....                    (no boots)
Stlth   +++                      (no amulet)
HPRegen 0.23/turn                (no ring)
MPRegen 0.09/turn                (no ring)

@: constricted
A: small, no large weapons, nightstalker 3
a: no special abilities


You were on level 1 of the Dungeon.
You visited 1 branch of the dungeon, and saw 1 of its levels.

You collected 11 gold pieces.

Inventory:

Hand Weapons
 a - a +1 sling (weapon)
Armour
 c - a +0 robe (worn)
Scrolls
 b - a scroll of poison
 d - 2 scrolls of blinking {unknown}
 e - 2 scrolls of teleportation {unknown}
 f - 2 scrolls of identify {unknown}
 g - a scroll of fog {unknown}


   Skills:
 + Level 1.1 Fighting
 + Level 3.2 Ranged Weapons
 + Level 2.8 Dodging
 + Level 1.1 Spellcasting
 + Level 3.6 Hexes


You had 3 spell levels left.
You knew the following spells:

 Your Spells              Type           Power      Damage    Failure   Level
a - Slow                  Hex            40%        N/A       6%          1

Your spell library contained the following spells:

 Spells                   Type           Power      Damage    Failure   Level
 Inner Flame              Hex/Fire       5%         N/A       36%         3
 Portal Projectile        Hex/Tloc       10%        N/A       36%         3
 Cause Fear               Hex            5%         N/A       52%         4


Dungeon Overview and Level Annotations

Branches:
Dungeon (1/15)

Altars:

Shops:
D:1 [


Innate Abilities, Weirdness & Mutations

You are small and have problems with some larger weapons.
You are completely attuned to the shadows.


Message History

The rat bites you. The ball python barely misses you.
The ball python constricts you.
You are too injured to fight recklessly!
You are too injured to fight recklessly!
You are too injured to fight recklessly!
You are too injured to fight recklessly!
You shoot a sling bullet.
The sling bullet closely misses the rat.
The rat bites you but does no damage. The ball python barely misses you.
The ball python constricts you. The rat closely misses you.
You shoot a sling bullet. The sling bullet barely misses the rat.
The ball python bites you.
* * * LOW HITPOINT WARNING * * *
The ball python constricts you. The rat barely misses you.
The ball python closely misses you. The ball python constricts you.
You shoot a sling bullet. The sling bullet hits the rat.
The rat is severely wounded.
The ball python bites you.
* * * LOW HITPOINT WARNING * * *
The ball python constricts you.
* * * LOW HITPOINT WARNING * * *
The rat bites you.
* * * LOW HITPOINT WARNING * * *
You shoot a sling bullet.
The sling bullet closely misses the ball python.
The ball python closely misses you. The ball python constricts you.
* * * LOW HITPOINT WARNING * * *
The rat bites you but does no damage. The ball python barely misses you.
The ball python constricts you.
* * * LOW HITPOINT WARNING * * *
You shoot a sling bullet.
The sling bullet closely misses the ball python.
The rat closely misses you. The ball python misses you.
The ball python constricts you.
* * * LOW HITPOINT WARNING * * *
The rat bites you but does no damage.
You shoot a sling bullet.
The sling bullet barely misses the ball python.
The ball python bites you.
You die...

. #†# #... #.###.#
#... ......# #...
#####.###########...
.....................
........##########...
........## #...
.........# ####
....@..#.######
...)rS.#......#
.......#......#
.......#......##
$##...#####....#
##..†# #...#####
#.......# #...###.##


You could see a ball python and a rat.

Vanquished Creatures
  A dart slug (D:1)
  3 bats (D:1)
  2 endoplasms (D:1)
  2 giant cockroaches (D:1)
  2 goblins (D:1)
  A hobgoblin (D:1)
  3 kobolds (D:1)
  A quokka (D:1)
  2 frilled lizards (D:1)
  2 rats (D:1)
19 creatures vanquished.

Notes
Turn   | Place    | Note
-------+----------+-------------------------------------------
     0 | D:1      | Alitron123 the Kobold Hexslinger began the quest for the
                  | Orb.
     0 | D:1      | Reached XP level 1. HP: 12/12 MP: 2/2
    28 | D:1      | Found Ahemn's Antique Armour Emporium.
    89 | D:1      | Reached XP level 2. HP: 16/16 MP: 3/3
   170 | D:1      | Reached XP level 3. HP: 19/20 MP: 4/4
   354 | D:1      | HP: 1/20 [constriction (1)]
   355 | D:1      | Slain by a ball python

Illustrated notes

Levels and vault maps discovered:
D:1:      spicycebolla_arrival_clurvy, layout_basic, serial_shops, shop

Skill      XL: |  1  2 |
---------------+-------+-----
Ranged Weapons | 3 |  3.2
Fighting       | |  1.1
Dodging        | |  2.8
Spellcasting   | |  1.1
Hexes          | |  3.6

Action                     || total
---------------------------++-------
   Fire: Sling             ||    49
 Armour: Robe              ||    10
  Dodge: Dodged            ||    35

Table legend: (Time is in decaauts)
 A = Elapsed time spent in this place.
 B = Non-inter-level travel time spent in this place.
 C = Inter-level travel time spent in this place.
 D = Time resting spent in this place.
 E = Time spent auto-exploring this place.
 F = Levels seen in this place.
 G = Mean time per level.
                   A        B        C        D        E       F      G
               +--------+--------+--------+--------+--------+-----+--------+
         Total |    367 |    367 |      0 |      0 |    287 |   1 |  367.0 |
       Dungeon |    367 |    367 |      0 |      0 |    287 |   1 |  367.0 |
               +--------+--------+--------+--------+--------+-----+--------+

Top non-repeatable levels by time:
     D:1: 367 daAuts
